 Dungeon Crawl Stone Soup version 0.25.1-1-g288607f5aa (webtiles) character file.

Game seed: 17861924052856208318

177 BledDest the Changer (level 5, 0/39 HPs)
             Began as a Demigod Transmuter on July 28, 2020.
             Slain by Natasha (8 damage)
             ... on level 3 of the Dungeon.
             The game lasted 00:08:12 (4786 turns).

BledDest the Changer (Demigod Transmuter)           Turns: 4786, Time: 00:08:12

Health: 0/39       AC:  3    Str: 13    XL:     5   Next: 9%
Magic:  10/10      EV: 12    Int: 19    God:
Gold:   79         SH:  0    Dex: 16    Spells: 3/7 levels left

rFire    . . .     SeeInvis .     - Unarmed
rCold    . . .     Gourm    .   (no shield)
rNeg     . . .     Faith    .   b - +0 robe
rPois    .         Spirit   .   q - +0 helmet
rElec    .         Reflect  .   (no cloak)
rCorr    .         Harm     .   (no gloves)
MR       .....                  (boots currently unavailable)
Stlth    +.........             p - amulet of magic regeneration
HPRegen  0.13/turn              (no ring)
MPRegen  0.37/turn              (no ring)

@: appendage
A: talons 3, high mp 1
a: End Transformation


You were on level 3 of the Dungeon.
You were not hungry.
You had grown temporary talons.
You visited 1 branch of the dungeon, and saw 3 of its levels.

You collected 79 gold pieces.

Inventory:

Missiles
 a - 104 arrows
 c - 11 poisoned darts (quivered)
 j - 58 stones
 l - 7 boomerangs
Armour
 b - a +0 robe (worn)
 q - a +0 helmet (worn)
Jewellery
 p - an amulet of magic regeneration (around neck)
Scrolls
 e - 2 scrolls of noise {unknown}
 f - a scroll of magic mapping {unknown}
 g - 5 scrolls of identify {unknown}
 h - 2 scrolls of blinking {unknown}
 n - 3 scrolls of remove curse {unknown}
 o - a scroll of teleportation {unknown}
Potions
 i - a potion of resistance {unknown}
 k - 2 potions of curing {unknown}
 m - a potion of stabbing {unknown}
 r - a potion of heal wounds
Comestibles
 d - 9 rations
 s - 9 chunks of flesh


   Skills:
 - Level 0.8 Fighting
 - Level 1.7 Dodging
 - Level 2.6 Unarmed Combat
 - Level 1.7 Spellcasting
 + Level 5.1 Transmutations


You had 3 spell levels left.
You knew the following spells:

 Your Spells              Type           Power        Failure   Level  Hunger
a - Beastly Appendage     Tmut           ###...       1%          1    #......
b - Spider Form           Tmut/Pois      ##........   19%         3    ###....

Your spell library contained the following spells:

 Spells                   Type           Power        Failure   Level  Hunger
 Sticks to Snakes         Tmut           ###.....     3%          2    ###....
 Blade Hands              Tmut           ###.......   50%         5    ######.
 Ice Form                 Ice/Tmut       ##......     52%         4    #####..


Dungeon Overview and Level Annotations

Branches:
Dungeon (3/15)

Annotations:
D:3 Natasha


Innate Abilities, Weirdness & Mutations

You have an increased reservoir of magic. (+10% MP)
You have claws for feet.


Message History

Natasha is severely wounded.
Natasha barely misses you.
You hit Natasha.
Natasha is almost dead.
Natasha claws you.
* * * LOW HITPOINT WARNING * * *
Casting: Spider Form (quite dangerous; 19% risk of failure)
Confirm with . or Enter, or press ? or * to list all spells.
Your feet morph into talons.
Natasha misses you.
You closely miss Natasha.
Natasha is almost dead.
Natasha casts a spell.
You closely miss Natasha. Your kick misses Natasha.
Natasha is almost dead.
Natasha claws you.
* * * LOW HITPOINT WARNING * * *
You closely miss Natasha. Your kick misses Natasha.
Natasha is almost dead.
Natasha claws you!
You die...

#.# #####.....###..# #.#
#.............. #.
#.######..##..# #. #.#
##.....#
#.#######.#######....##
#.....#...##.........#
#.....#.####.........#
#.....#.####.........## ###
#.....@...............<
.[..##......h###.##.#.......
.............5...##.......#.
....#........####รท>##.....#.
......#.#########..##.....#.
....###.# ##...##.........
... #.## ##..#.##.#.....## ..
###..###..####..######## .
#........#####.#########


You could see Natasha and a crimson imp (summoned).

Vanquished Creatures
  Natasha (twice) (D:3)
  5 adders (D:2)
  3 worms (D:2)
  2 dart slugs
  2 leopard geckos
  3 orcs (D:3)
  2 giant cockroaches (D:2)
  3 goblins
  7 hobgoblins
  2 jackals (D:2)
  10 kobolds
  2 quokkas
  10 bats
  6 frilled lizards
  9 rats
68 creatures vanquished.

Notes
Turn   | Place    | Note
-------+----------+-------------------------------------------
     0 | D:1      | BledDest the Demigod Transmuter began the quest for the
                  | Orb.
     0 | D:1      | Reached XP level 1. HP: 15/15 MP: 5/5
   307 | D:1      | Reached skill level 2 in Transmutations
   891 | D:1      | Reached XP level 2. HP: 22/22 MP: 7/7
  1829 | D:2      | Reached skill level 3 in Transmutations
  2160 | D:2      | Reached XP level 3. HP: 20/27 MP: 8/8
  2343 | D:2      | Learned a level 3 spell: Spider Form
  2526 | D:2      | Found a white marble altar of Elyvilon.
  2730 | D:2      | Reached skill level 4 in Transmutations
  3242 | D:2      | Reached XP level 4. HP: 16/34 MP: 9/9
  4072 | D:2      | Found a basalt altar of Yredelemnul.
  4225 | D:3      | Noticed Natasha
  4241 | D:3      | Killed Natasha
  4294 | D:3      | Noticed Natasha
  4301 | D:3      | Killed Natasha
  4301 | D:3      | Reached skill level 5 in Transmutations
  4301 | D:3      | Reached XP level 5. HP: 25/39 MP: 8/10
  4462 | D:3      | Found an opulent altar of Gozag.
  4767 | D:3      | Noticed Natasha
  4786 | D:3      | Slain by Natasha

Illustrated notes

Levels and vault maps discovered:
D:1:      nzn_arrival_crosshair, layout_basic, minmay_fountain_box
D:2:      minmay_diamond_boxcup, layout_loops_cross, elyvilon_altar_5,
          lemuel_round_altar, first_ration
D:3:      layout_rooms, grunt_gozag_breadcrumbs, st_stairs_7, minivault_27,
          grunt_ministairs_8, uniq_natasha

Skill      XL: |  1  2  3  4 |
---------------+-------------+-----
Transmutations | 2 3 4 5 |  5.1
Fighting       | |  0.8
Dodging        | |  1.7
Unarmed Combat | |  2.6
Spellcasting   | |  1.7

Action                   |  1- 3 |  4- 6 || total
-------------------------+-------+-------++-------
Melee: Unarmed           |   178 |   127 ||   305
       Punch             |     2 |     1 ||     3
       Kick              |     4 |     5 ||     9
       Headbutt          |     3 |       ||     3
Throw: Dart              |     1 |     4 ||     5
 Cast: Beastly Appendage |     7 |     4 ||    11
       Spider Form       |     1 |     3 ||     4
  Use: Potion            |     2 |       ||     2
 Stab: Sleeping          |     3 |     2 ||     5
       Distracted        |       |     1 ||     1
  Eat: Chunk             |     4 |     6 ||    10
       Ration            |     1 |       ||     1
Armor: Robe              |    45 |    33 ||    78
       Skin              |     1 |     1 ||     2
Dodge: Dodged            |   118 |    96 ||   214
